 Dungeon Crawl Stone Soup version 0.28.0-53-g5a82cb258f (webtiles) character file.

Game seed: 2809038819812234846

59 cbfl8 the Skirmisher (level 3, -8/43 HPs)
             Began as a Demonspawn Berserker on Sept 9, 2022.
             Was a Believer of Trog.
             Mangled by a gnoll
             ... wielding a +0 halberd
              (10 damage)
             ... on level 3 of the Dungeon.
             The game lasted 00:02:04 (2962 turns).

cbfl8 the Skirmisher (Demonspawn Berserker)         Turns: 2962, Time: 00:02:05

Health: -8/43      AC:  8    Str: 17    XL:     3   Next: 78%
Magic:  3/3        EV: 11    Int:  8    God:    Trog [**....]
Gold:   43         SH:  0    Dex: 14    Spells: 2/2 levels left

rFire   . . .      SeeInvis .   a - +0 hand axe
rCold   . . .      Faith    .   (no shield)
rNeg    . . .      Spirit   .   g - +0 ring mail
rPois   .          Reflect  .   (no helmet)
rElec   .          Harm     .   (no cloak)
rCorr   .          Rampage  .   f - +1 pair of gloves
Will    .....                   m - +0 pair of boots
Stlth   ..........              (no amulet)
HPRegen 0.14/turn               (no ring)
MPRegen 0.08/turn               (no ring)

@: berserking, very quick
A: powered by death 1, weakness stinger 1
a: Renounce Religion, Berserk, Trog's Hand


You were on level 3 of the Dungeon.
You worshipped Trog.
Trog was pleased with you.
You visited 1 branch of the dungeon, and saw 3 of its levels.

You collected 43 gold pieces.

Inventory:

Hand Weapons
 a - a +0 hand axe (weapon)
Armour
 f - a +1 pair of gloves (worn)
 g - a +0 ring mail (worn)
 m - a +0 pair of boots (worn)
Scrolls
 b - a scroll of fog {unknown}
 d - a scroll of identify {unknown}
 e - a scroll of noise {unknown}
 i - a scroll of immolation {unknown}
 j - 2 scrolls of magic mapping {unknown}
 k - a scroll of enchant weapon {unknown}
 l - a scroll of blinking {unknown}
Potions
 h - a potion of heal wounds {unknown}


   Skills:
 * Level 3.6 Fighting
 * Level 3.5 Axes
 + Level 2.0 Armour
 * Level 2.0 Dodging
 + Level 0.1 Stealth
 * Level 0.6 Evocations


You had 2 spell levels left.
You didn't know any spells.
Your spell library was empty.

Dungeon Overview and Level Annotations

Branches:
Dungeon (3/15)

Altars:
Ashenzari
Kikubaaqudgha


Innate Abilities, Weirdness & Mutations

You regenerate a little health from kills.
You have a small tail.


Message History

The gnoll shouts!
The goblin hits you but does no damage.
There are monsters nearby!
You barely miss the goblin. The goblin hits you but does no damage.
There are monsters nearby!
You closely miss the goblin. The goblin hits you but does no damage.
There are monsters nearby!
You hit the goblin.
You kill the goblin!
Trog accepts your kill.
The gnoll hits you from afar with a +0 halberd!
There are monsters nearby!
The gnoll hits you with a +0 club. The gnoll hits you with a +0 flail.
The gnoll hits you with a +0 halberd.
* * * LOW HITPOINT WARNING * * *
You see here a +0 dagger.
It was a potion of curing.
You feel better. The gnoll hits you with a +0 club.
* * * LOW HITPOINT WARNING * * *
The gnoll hits you with a +0 flail.
* * * LOW HITPOINT WARNING * * *
The gnoll closely misses you.
Okay, then.
Okay, then.
A red film seems to cover your vision as you go berserk!
You feel yourself moving faster!
You feel mighty! The gnoll closely misses you. The gnoll barely misses you.
You hit the gnoll.
The gnoll is moderately wounded.
You barely miss the gnoll. You hit the gnoll. You barely miss the gnoll.
The gnoll hits you with a +0 whip.
* * * LOW HITPOINT WARNING * * *
The gnoll hits you with a +0 club.
* * * LOW HITPOINT WARNING * * *
The gnoll closely misses you. The gnoll barely misses you.
You slash the gnoll!
The gnoll is severely wounded.
You closely miss the gnoll. You hit the gnoll. x2
The gnoll closely misses you. x2; The gnoll hits you but does no damage.
The gnoll hits you with a +0 halberd!
You die...

#.....##.## #..###
#.#.....#.####..#
###.#.#.##........#
........#####.###.#
#####.#.# #.# #.#
#.#####.#.#####.#
#.#
#......:.!...##.#
#.#
..####.####.#... .#
#g@g..# ..#. .#
#.gg....# ... ..
#.......# ...##
....._.....# .
#.#.......#..
#.#.......#... #
##.....## ..
###.###


You could see 4 gnolls.

Vanquished Creatures
  An adder (D:2)
  A dart slug (D:3)
  2 orcs (D:3)
  4 endoplasms
  2 giant cockroaches
  3 goblins
  5 hobgoblins
  4 jackals (D:2)
  A quokka (D:3)
  4 ball pythons
  A bat (D:1)
  3 frilled lizards
  8 kobolds
  5 rats
44 creatures vanquished.

Notes
Turn   | Place    | Note
-------+----------+-------------------------------------------
     0 | D:1      | cbfl8 the Demonspawn Berserker began the quest for the Orb.
     0 | D:1      | Reached XP level 1. HP: 18/18 MP: 1/1
   276 | D:1      | Discovered your monstrous ancestry.
   276 | D:1      | Gained mutation: You have a small tail. [demonic ancestry]
   276 | D:1      | Reached XP level 2. HP: 6/24 MP: 2/2
  1698 | D:1      | Found a faded altar of an unknown god.
  2006 | D:2      | Gained mutation: You regenerate a little health from kills.
                  | [demonic ancestry]
  2006 | D:2      | Reached XP level 3. HP: 25/29 MP: 3/3
  2851 | D:3      | Found a broken altar of Ashenzari.
  2912 | D:3      | Reached ** piety under Trog
  2953 | D:3      | Found an ancient bone altar of Kikubaaqudgha.
  2961 | D:3      | HP: 2/43 [gnoll/+0 whip (1)]
  2962 | D:3      | Mangled by a gnoll

Illustrated notes

Levels and vault maps discovered:
D:1:      psy_arrival_radial02, layout_basic,
          dreamdust_ecumenical_altar_hidden_monk_grotto
D:2:      layout_loops_ring
D:3:      layout_loops_ring, nicolae_ashenzari_skybound, old_standard_altar

Skill      XL: |  1  2  3 |
---------------+----------+-----
Axes           | 3 |  3.5
Armour         | 2 |  2.0
Dodging        | 2 |  2.0
Fighting       | |  3.6
Stealth        | |  0.1
Evocations     | |  0.6

Action                   || total
-------------------------++-------
Melee: Hand axe          ||   116
       Punch             ||     2
       Tailslap          ||     7
Invok: Berserk           ||     2
  Use: Potion            ||     1
 Stab: Sleeping          ||     1
Armor: Animal skin       ||     6
       Ring mail         ||    27
Dodge: Dodged            ||    73
